Map: Efflorescence LE

Players

qqq - Winner!

  • Race: Protoss Protoss
  • Spawn Location: 12:00

Massa - Winner!

  • Race: Terran Terran
  • Spawn Location: 3:00

Ignotus

  • Race: Zerg Zerg
  • League: Diamond
  • Spawn Location: 9:00

Even

  • Race: Protoss Protoss
  • League: Platinum
  • Spawn Location: 6:00

VOD

Have the link to the VOD?

Description

Time

  • Played on: June 13, 2020, 8:17 a.m.
  • Length: 13:16
Show
View Real Time Build Order
Export as new Build Order

qqq Protoss - Winner!

Build Orders: 1 Gate Expand, Carriers 

Get SALT Encoding   

  12  0:05  Probe  
  13  0:13  Pylon  
  13  0:25  Pylon  
  13  0:35  Probe  
  14  0:46  Gateway  
  14  0:47  Probe  
  15  1:00  Probe  
  16  1:25  Nexus  
  16  1:38  Probe  
  17  1:42  Assimilator, Cybernetics Core  
  17  1:50  Probe  
  17  1:52  Assimilator  
  18  2:26  Probe  
  19  2:35  Stalker  
  21  2:38  Probe  
  22  2:50  Probe  
  23  3:02  Probe  
  24  3:07  Stargate  
  24  3:14  Probe  
  25  3:36  Probe, Stargate  
  27  3:48  Probe  
  27  4:00  Probe  
  28  4:05  Void Ray  
  32  4:12  Probe  
  32  4:15  Assimilator  
  33  4:19  Assimilator  
  33  4:24  Probe  
  33  4:26  Void Ray  
  38  4:32  Forge  
  38  4:45  Pylon  
  38  4:48  Pylon  
  38  4:51  Pylon  
  38  4:57  Pylon  
  38  5:01  Probe  
  37  5:13  Probe  
  38  5:17  Void Ray  
  42  5:25  Probe  
  43  5:31  Pylon  
  43  5:37  Probe  
  44  5:49  Probe  
  45  5:54  Void Ray  
  49  5:59  Photon Cannon, Void Ray  
  49  6:01  Probe, Photon Cannon  
  54  6:37  Void Ray, Fleet Beacon  
  58  6:42  Void Ray  
  58  6:43  Probe  
  63  6:55  Probe  
  64  7:06  Protoss Air Armor Level 1  
  64  7:07  Probe  
  65  7:19  Probe, Void Ray  
  70  7:25  Void Ray  
  70  7:26  Flux Vanes  
  74  7:58  Shield Battery  
  74  8:10  Carrier  
  76  8:15  Pylon  
  76  8:18  Pylon  
  76  8:24  Pylon  
  76  8:27  Pylon  
  72  8:33  Pylon  
  68  8:41  Carrier  
  74  9:03  Probe  
  75  9:13  Tempest  
  75  9:15  Probe  
  81  9:27  Probe  
  82  9:39  Probe  
  82  9:41  Mothership  
  83  9:48  Carrier  
  83  9:51  Probe  
  98  9:57  Carrier  
  104  10:04  Probe  
  105  10:16  Probe  
  98  10:52  Carrier  
  104  10:59  Nexus  
  104  11:00  Tempest  
  109  11:09  Nexus  
  109  11:15  Protoss Air Weapons Level 1  
  109  11:44  Carrier  
  115  12:05  Pylon  
  115  12:08  Pylon  
  115  12:11  Carrier  
  115  12:13  Pylon  
  121  12:17  Pylon  
  121  12:19  Pylon  
  121  12:22  Pylon  
  102  12:57  Probe x2  
Show
View Real Time Build Order
Export as new Build Order

Massa Terran - Winner!

Build Orders:  

Get SALT Encoding   

  12  0:04  SCV  
  13  0:18  SCV, Supply Depot  
  14  0:30  SCV  
  15  0:43  Barracks  
  15  0:44  SCV  
  16  0:56  SCV  
  17  1:07  Supply Depot  
  17  1:08  SCV  
  18  1:21  SCV, Barracks  
  19  1:38  Marine, Supply Depot  
  20  1:56  Marine  
  20  1:57  Command Center  
  20  2:00  SCV  
  22  2:17  Marine  
  23  2:27  Marine  
  23  2:35  Marine  
  24  2:38  Refinery  
  24  2:40  Refinery  
  25  2:52  Marine  
  25  2:55  Barracks  
  25  3:10  Barracks  
  26  3:14  Marine  
  26  3:32  Marine  
  27  3:36  Bunker  
  27  3:38  Marine  
  28  3:49  Marine  
  29  3:56  Marine  
  30  4:13  Factory  
  30  4:19  Barracks Tech Lab  
  30  4:25  Supply Depot  
  30  4:40  Barracks Tech Lab  
  30  4:46  SCV x2  
  30  4:47  Supply Depot  
  30  4:48  Barracks Reactor  
  32  4:58  SCV  
  29  5:03  Factory Tech Lab  
  29  5:05  Marauder  
  30  5:11  Supply Depot  
  26  5:15  Bunker  
  24  5:29  Siege Tank  
  24  5:35  Supply Depot  
  27  5:36  Marauder  
  25  5:58  Marauder  
  25  6:00  SCV x2  
  27  6:09  Marine  
  26  6:12  SCV x2  
  28  6:19  Marauder  
  30  6:27  Marine  
  31  6:33  SCV  
  31  6:34  SCV  
  33  6:46  SCV x2  
  35  6:51  Marauder, Marine  
  38  7:11  Siege Tank  
  38  7:22  Marine  
  39  7:24  Stimpack  
  39  7:26  Marine  
  40  7:40  Marine  
  40  7:44  Marine  
  42  7:53  Marine x2  
  42  7:58  Marine  
  45  8:02  Marine  
  46  8:09  SCV x2  
  46  8:11  Marine x2  
  50  8:15  Marine  
  50  8:18  Engineering Bay  
  50  8:19  Siege Tank  
  54  8:29  Supply Depot  
  54  8:39  SCV x2, Marine  
  54  8:51  Marine x3  
  54  8:52  SCV  
  58  8:57  Marine  
  58  8:58  Missile Turret  
  58  9:02  Siege Tank  
  62  9:14  Supply Depot  
  62  9:17  Missile Turret  
  62  9:23  Missile Turret  
  62  9:35  SCV x2  
  62  9:36  Marauder  
  62  9:37  Missile Turret  
  58  9:48  SCV x2  
  54  9:57  Marauder  
  54  9:59  Marine x2  
  52  10:00  SCV, Marine  
  52  10:07  Missile Turret  
  52  10:17  Marine x3  
  52  10:19  Marauder  
  51  10:25  Siege Tank  
  54  10:35  Marine x3  
  55  10:37  Missile Turret  
  55  10:39  Missile Turret  
  55  10:40  Marauder  
  55  10:41  Orbital Command  
  59  10:52  Marine  
  59  10:53  Marine  
  61  10:57  Siege Tank  
  61  11:01  Marauder  
  66  11:13  Marine  
  69  11:20  Supply Depot  
  69  11:23  Marauder  
  70  11:30  Marine  
  70  11:36  Supply Depot  
  70  11:38  Supply Depot  
  70  11:39  Supply Depot  
  70  11:41  Supply Depot  
  70  11:42  Siege Tank  
  70  11:44  Marauder  
  77  11:47  Marauder  
  77  11:48  Marine  
  78  12:03  Supply Depot  
  78  12:06  Marauder  
  82  12:08  Marauder  
  81  12:27  Marauder  
  81  12:29  Marauder  
  83  12:36  Marine  
  83  12:37  Marine  
  73  12:48  Marauder  
  73  12:51  Marauder  
  77  12:54  Marine  
Show
View Real Time Build Order
Export as new Build Order

Ignotus Zerg 

Build Orders: Pool First, Zergling Baneling 

Get SALT Encoding   

  12  0:01  Drone  
  13  0:23  Spawning Pool  
  13  0:25  Drone  
  13  0:30  Drone  
  14  0:39  Overlord  
  14  0:47  Overlord  
  14  0:58  Drone x2  
  16  1:10  Queen  
  18  1:11  Zergling x2  
  19  1:20  Zergling x2  
  20  1:30  Zergling x2  
  21  1:47  Drone  
  22  1:55  Hatchery  
  21  2:17  Extractor, Queen  
  21  2:18  Drone  
  21  2:19  Drone x2  
  21  2:20  Drone x2  
  27  2:25  Zergling x2  
  28  2:31  Drone  
  28  2:32  Extractor  
  28  2:49  Drone  
  29  3:00  Drone  
  29  3:02  Overlord x3  
  30  3:10  Baneling Nest  
  30  3:11  Drone x2  
  30  3:31  Metabolic Boost  
  30  3:37  Zergling x2  
  30  3:38  Zergling x10  
  35  4:01  Zergling x12  
  39  4:16  Zergling x6  
  42  4:27  Baneling  
  42  4:28  Baneling x3  
  42  4:29  Baneling  
  42  4:30  Baneling  
  42  4:31  Baneling  
  42  4:33  Baneling  
  42  4:40  Hatchery  
  28  5:14  Drone x5  
  28  5:15  Drone x8  
  28  5:19  Lair  
  41  5:25  Queen  
  43  5:31  Drone  
  43  6:00  Queen  
  43  6:02  Drone x12  
  56  6:17  Drone  
  57  6:18  Drone  
  57  6:19  Drone x2  
  60  6:31  Roach Warren, Centrifical Hooks  
  59  6:32  Hydralisk Den  
  59  6:34  Drone x2  
  59  6:35  Drone x2  
  59  6:36  Drone  
  59  6:38  Extractor x2  
  61  6:46  Drone x3  
  64  6:47  Drone x2  
  64  6:48  Overlord  
  66  6:55  Extractor x2  
  64  7:01  Spore Crawler  
  64  7:02  Spore Crawler  
  64  7:03  Spore Crawler  
  64  7:04  Spore Crawler  
  64  7:05  Spore Crawler x2  
  56  7:13  Overlord x2  
  56  7:14  Overlord  
  52  7:19  Spore Crawler x2  
  52  7:21  Spore Crawler  
  47  7:25  Spore Crawler, Muscular Augments  
  47  7:29  Drone x4  
  50  7:31  Drone x3  
  50  7:34  Drone x2  
  50  7:35  Drone  
  54  7:39  Hydralisk x2  
  56  7:44  Queen  
  56  7:50  Queen  
  57  8:01  Hydralisk x2  
  57  8:04  Spore Crawler  
  60  8:05  Spore Crawler  
  60  8:06  Spore Crawler  
  56  8:16  Spore Crawler  
  56  8:17  Hydralisk x3  
  56  8:18  Spore Crawler  
  58  8:37  Grooved Spines  
  58  8:42  Drone  
  58  8:45  Queen  
  58  8:46  Queen  
  63  8:52  Hatchery  
  62  8:56  Hydralisk x3  
  62  8:59  Overlord x3  
  66  9:10  Hydralisk  
  54  9:49  Hydralisk x7  
  68  10:06  Hydralisk  
  68  10:07  Hydralisk x2  
  74  10:14  Drone  
  74  10:16  Spire  
  74  10:21  Hydralisk x3  
  74  10:24  Drone x4  
  74  10:26  Queen  
  86  10:34  Drone x5  
  91  10:42  Overlord x2  
  91  11:14  Hydralisk x7  
  105  11:29  Overlord  
  105  11:32  Drone  
  106  11:34  Extractor  
  106  11:35  Overlord x7  
  103  11:43  Corruptor  
  105  11:48  Corruptor x2  
  109  11:54  Corruptor  
  111  12:01  Corruptor  
  111  12:02  Corruptor  
  115  12:15  Corruptor x4  
Show
View Real Time Build Order
Export as new Build Order

Even Protoss 

Build Orders:  

Get SALT Encoding   

  1  0:00  Probe  
  12  0:06  Probe  
  14  0:23  Pylon  
  14  0:26  Probe  
  15  0:41  Probe  
  15  0:42  Forge  
  16  0:53  Gateway  
  16  0:56  Probe  
  17  1:02  Gateway  
  17  1:08  Pylon  
  17  1:17  Probe  
  18  1:32  Photon Cannon  
  18  1:34  Photon Cannon  
  18  1:49  Assimilator  
  18  2:03  Pylon  
  18  2:12  Pylon  
  18  2:24  Photon Cannon x2  
  18  2:30  Photon Cannon  
  18  2:34  Pylon  
  18  2:43  Photon Cannon  
  18  2:56  Photon Cannon  
  18  3:01  Photon Cannon  
  18  3:09  Probe  
  19  3:20  Photon Cannon  
  19  3:30  Pylon  
  19  3:36  Cybernetics Core  
  19  3:49  Photon Cannon  
  19  3:53  Photon Cannon  
  19  4:07  Photon Cannon  
  19  4:13  Photon Cannon  
  19  4:20  Probe  
  20  4:32  Probe  
  21  4:42  Photon Cannon  
  21  4:44  Probe  
  22  4:57  Photon Cannon  
  22  5:01  Shield Battery  
  22  5:30  Photon Cannon  
  22  5:31  Photon Cannon  
  22  5:45  Stargate  
  22  5:51  Photon Cannon  
  22  5:52  Photon Cannon  
  22  5:59  Assimilator  
  22  6:01  Probe  
  23  6:11  Shield Battery  
  23  6:13  Probe  
  23  6:17  Void Ray  
  24  6:25  Probe  
  29  6:35  Shield Battery  
  29  6:43  Warp Gate  
  29  6:46  Pylon  
  29  6:53  Void Ray  
  33  7:26  Photon Cannon  
  33  7:28  Photon Cannon  
  33  7:29  Shield Battery  
  33  7:30  Shield Battery  
  33  7:36  Void Ray  
  37  7:50  Photon Cannon  
  33  7:52  Photon Cannon  
  29  8:18  Fleet Beacon  
  29  8:28  Pylon  
  29  8:54  Tempest  
  28  8:59  Nexus  
  10  10:14  Probe  
  11  10:26  Probe  
  6  10:38  Probe  
  4  10:52  Probe  
  4  11:00  Probe  
  4  11:08  Probe  
  5  11:17  Probe  
  6  11:30  Probe  
  6  11:45  Photon Cannon  
  6  12:05  Probe  
  6  12:13  Probe  
Tags
 
Add a new tag
Caveats
  • Supply blocks, unpowered buildings, or Contaminate may cause inaccurate times.
  • Supply counts are checked every 10 seconds.